 Dungeon Crawl Stone Soup version 0.31-a0-636-ge1c0e020e0 (webtiles) character file.

Game seed: 5266698898290474690

96 AtlasWard the Chopper (level 4, -3/40 HPs)
             Began as a Draconian Monk on Aug 26, 2023.
             Slain by a sleepcap (13 damage)
             ... on level 4 of the Dungeon.
             The game lasted 00:02:27 (1241 turns).

AtlasWard the Chopper (Draconian Monk)              Turns: 1241, Time: 00:02:27

Health: -3/40      AC:  5    Str: 15    XL:     4   Next: 41%
Magic:  4/4        EV:  2    Int: 10    God:
Gold:   98         SH:  0    Dex: 14    Spells: 3/3 levels left

rFire   . . .        a - +0 hand axe
rCold   . . .        f - +0 buckler
rNeg    . . .        (body armour unavailable)
rPois   .            (helmet restricted)
rElec   .            (no cloak)
rCorr   .            (no gloves)
SInv    .            (no boots)
Will    .....        (no amulet)
Stlth   +            (no ring)
HPRegen 0.26/turn    (no ring)
MPRegen 0.09/turn

%: no passive effects
@: sleeping
A: AC +5, unfitting armour, cold-blooded
a: no special abilities


You were on level 4 of the Dungeon.
You visited 1 branch of the dungeon, and saw 4 of its levels.

You collected 98 gold pieces.

Inventory:

Hand Weapons
 a - a +0 hand axe (weapon)
Missiles
 l - 3 atropa-tipped darts
Armour
 c - an orb of light
 f - a +0 buckler (worn)
Scrolls
 e - a scroll of noise {unknown}
 g - a scroll of amnesia {unknown}
 i - a scroll of teleportation {unknown}
 n - a scroll of fear {unknown}
Potions
 d - a potion of attraction {unknown}
 h - a potion of berserk rage {unknown}
 j - 5 potions of curing {unknown}
 k - a potion of mutation {unknown}
 m - 2 potions of haste {unknown}


   Skills:
 + Level 4.1 Fighting
 * Level 4.4 Axes
 - Level 2.6 Dodging
 + Level 1.3 Shields


You had 3 spell levels left.
You didn't know any spells.
Your spell library contained the following spells:

 Spells                   Type           Power      Damage    Failure   Level
 Wereblood                Tmut           0%         N/A       58%         2
 Irradiate                Conj/Tmut      0%         3d11      100%        5


Dungeon Overview and Level Annotations

Branches:
Dungeon (4/15)
 Temple: D:4-7

Altars:

Annotations:
D:3 Sigmund


Innate Abilities, Weirdness & Mutations

Your plain brown scales are hard. (AC +5)
You cannot fit into any form of body armour.
You are cold-blooded and may be slowed by cold attacks.


Message History

You are engulfed in a cloud of soporific spores!
You fall asleep.
The sleepcap releases spores at you.
You wake up.
* * * LOW HITPOINT WARNING * * *
You are engulfed in a cloud of soporific spores!
You are unaffected.
Unknown command.
Unknown command.
Unknown command.
Unknown command.
Unknown command.
Unknown command.
You are confused.
You feel invigorated.
The sleepcap releases spores at you but does no damage.
Unknown command.
You bump into the rock wall.
The sleepcap completely misses you.
You hit the sleepcap.
You tail-slap the sleepcap, but do no damage.
The sleepcap is moderately damaged.
The sleepcap closely misses you.
You hit the sleepcap but do no damage.
You tail-slap the sleepcap, but do no damage.
The sleepcap is moderately damaged.
You feel less invigorated.
You feel less confused. The sleepcap releases spores at you!
You are engulfed in a cloud of soporific spores!
You are unaffected.
Unknown command.
Unknown command.
Unknown command.
You hit the sleepcap but do no damage.
The sleepcap is moderately damaged.
The sleepcap releases spores at you.
* * * LOW HITPOINT WARNING * * *
You are engulfed in a cloud of soporific spores!
You fall asleep.
The sleepcap releases spores at you!
You die... #######.# #@fS....# #########

You could see a sleepcap and a ball python.

Vanquished Creatures
  4 adders
  2 worms (D:2)
  2 dart slugs (D:2)
  7 endoplasms
  4 giant cockroaches
  2 goblins
  5 hobgoblins
  3 kobolds
  3 quokkas (D:1)
  4 ball pythons
  5 bats
  4 frilled lizards
  3 rats
48 creatures vanquished.

Notes
Turn   | Place    | Note
-------+----------+-------------------------------------------
     0 | D:1      | AtlasWard the Draconian Monk began the quest for the Orb.
     0 | D:1      | Reached XP level 1. HP: 19/19 MP: 1/1
   134 | D:1      | Reached XP level 2. HP: 26/26 MP: 2/2
   611 | D:2      | Reached XP level 3. HP: 29/33 MP: 3/3
   753 | D:2      | Reached skill level 1 in Shields
   811 | D:2      | Reached XP level 4. HP: 40/40 MP: 4/4
  1196 | D:3      | Noticed Sigmund
  1241 | D:4      | Slain by a sleepcap

Illustrated notes

Levels and vault maps discovered:
D:1:      dpeg_arrival_pond, layout_rooms, minmay_small_reverse_x
D:2:      layout_rooms
D:3:      layout_basic, mainiacjoe_overflow_brackets, ebering_ghost_sewer_d,
          hellmonk_ecumenical_altar_pennies_from_heaven, uniq_sigmund
D:4:      layout_basic, overflow_temple_1_default, serial_shops,
          nicolae_shop_drivethru

Skill      XL: |  1  2  3 |
---------------+----------+-----
Axes           | 4 |  4.4
Shields        | 1 |  1.3
Fighting       | 4 |  4.1
Dodging        | |  2.6

Action                     |  1- 3 |  4- 6 || total
---------------------------+-------+-------++-------
  Melee: Hand axe          |   121 |    66 ||   187
         Tailslap          |    12 |     8 ||    20
    Use: Potion            |       |     1 ||     1
   Stab: Sleeping          |     1 |       ||     1
 Armour: Skin              |    34 |    25 ||    59
  Dodge: Dodged            |    82 |    43 ||   125
  Block: Buckler           |    20 |    12 ||    32

Table legend: (Time is in decaauts)
 A = Elapsed time spent in this place.
 B = Non-inter-level travel time spent in this place.
 C = Inter-level travel time spent in this place.
 D = Time resting spent in this place.
 E = Time spent auto-exploring this place.
 F = Levels seen in this place.
 G = Mean time per level.
                   A        B        C        D        E       F      G
               +--------+--------+--------+--------+--------+-----+--------+
         Total |   1269 |   1231 |     38 |      0 |    823 |   4 |  317.2 |
       Dungeon |   1269 |   1231 |     38 |      0 |    823 |   4 |  317.2 |
               +--------+--------+--------+--------+--------+-----+--------+

Top non-repeatable levels by time:
     D:1: 611 daAuts
     D:2: 472 daAuts
     D:3: 171 daAuts
     D:4: 14 daAuts
